AoeStats
← marcinpiekary

Black Forest

508300702Analyzed
4v4 RM · 12d ago on Sep 21, 2026· 58m 31s· 8 players
Game mode
Random Map
Map size
Large (8 player)
Population
200
Speed
Normal
Resources
Standard
Victory
Conquest
Starting age
Dark Age
Ending age
Imperial Age
RankedLock teamsTeams togetherTeam positionsShared explorationLock speedFull tech treeHidden civsTurbo modeCheats
Victory
Defeat
🇮🇹 Magyars · Italy
690
+5
🇮🇹 Britons · Italy
659
+6
🇮🇹 Aztecs · Italy
605
+8
🇮🇹 Goths · Italy
587
+8
🇵🇱 Persians · Poland
563
-11
🇮🇪 Burgundians · Ireland
388
-6
🇦🇷 Turks · Argentina
351
-5
🇺🇸 Celts · United States
343
-5
kealanmurphy83
2:37 Wheelbarrow
2:02 Loom
20:02 Horse Collar
25:26 Double-Bit Axe
25:42 Fishing Lines
28:09 Gold Mining
29:55 Feudal Age
30:47 Bow Saw
30:31 Gillnets
31:03 Hand Cart
30:33 Town Watch
30:55 Heavy Plow
31:36 Gold Shaft Mining
34:50 Forging
34:47 Scale Barding Armor
34:53 Padded Archer Armor
34:59 Caravan
41:15 Castle Age
39:13 Stone Mining
40:40 Stone Shaft Mining
43:23 Fervor
44:17 Crop Rotation
44:53 Two-Man Saw
45:16 Iron Casting
45:02 Chain Barding Armor
47:16 Husbandry
47:48 Guilds
49:54 Cavalier
52:48 Burgundian Vineyards
Ben FineGold
32:11 Loom
marcinpiekary
1:47 Loom
18:47 Feudal Age
20:07 Wheelbarrow
19:23 Double-Bit Axe
20:45 Horse Collar
26:11 Castle Age
25:25 Stone Mining
27:17 Stone Shaft Mining
27:03 Hand Cart
27:42 Bow Saw
27:40 Gold Mining
29:47 Fletching
30:07 Heavy Plow
32:19 Kamandaran
31:46 Crossbowman
32:32 Thumb Ring
35:52 Bodkin Arrow
36:18 Caravan
37:25 Padded Archer Armor
39:43 Murder Holes
40:06 Masonry
42:46 Imperial Age
41:07 Leather Archer Armor
42:56 Ballistics
43:44 Citadels
44:43 Chemistry
44:53 Two-Man Saw
47:18 Ring Archer Armor
46:49 Scale Mail Armor
ElRompePañal
0:33 Loom
17:04 Feudal Age
18:23 Wheelbarrow
19:13 Horse Collar
19:35 Gold Mining
21:08 Double-Bit Axe
24:52 Castle Age
27:45 Bow Saw
28:15 Gold Shaft Mining
28:42 Hand Cart
29:40 Heavy Plow
30:06 Stone Mining
37:03 Imperial Age
36:11 Caravan
38:07 Elite Janissary
42:14 Padded Archer Armor
42:05 Fletching
42:21 Scale Barding Armor
42:52 Thumb Ring
45:47 Artillery
46:27 Ballistics
48:06 Heavy Camel Rider
49:06 Husbandry
Pullinski99
1:00 Loom
19:44 Feudal Age
22:20 Wheelbarrow
21:34 Double-Bit Axe
21:33 Horse Collar
23:08 Gold Mining
24:13 Fishing Lines
26:17 Stone Mining
34:08 Castle Age
33:07 Scale Barding Armor
34:45 Gillnets
35:03 Caravan
38:30 Hand Cart
38:51 Chain Barding Armor
40:28 Gold Shaft Mining
40:01 Heavy Plow
40:14 Bow Saw
44:02 Treadmill Crane
44:19 Murder Holes
44:34 Masonry
44:15 Heated Shot
48:25 Imperial Age
45:45 Town Watch
47:23 Corvinian Army
47:34 Town Patrol
48:15 Ballistics
49:31 Elite Magyar Huszar
50:15 Recurve Bow
49:53 Onager
TotoSenpai95
0:35 Loom
15:19 Feudal Age
16:56 Stone Mining
17:46 Wheelbarrow
17:02 Double-Bit Axe
17:00 Horse Collar
17:08 Fishing Lines
21:43 Gold Mining
27:37 Castle Age
28:38 Padded Archer Armor
28:31 Fletching
30:23 Hand Cart
30:17 Heavy Plow
30:30 Bow Saw
30:58 Gold Shaft Mining
32:42 Leather Archer Armor
32:25 Bodkin Arrow
36:43 Imperial Age
35:02 Caravan
35:12 Gillnets
36:03 Ballistics
38:44 Two-Man Saw
37:23 Elite Longbowman
39:15 Chemistry
41:10 Ring Archer Armor
40:41 Bracer
42:11 Yeomen
41:53 Warwolf
42:13 Sappers
43:04 Conscription
43:20 Hoardings
56:29 Spies/Treason
aemilius_blackblock
0:54 Loom
13:55 Feudal Age
15:21 Gold Mining
16:08 Wheelbarrow
21:07 Double-Bit Axe
21:43 Horse Collar
21:49 Fishing Lines
22:10 Stone Mining
24:09 Forging
23:59 Scale Mail Armor
23:52 Man-at-Arms
30:00 Castle Age
30:15 Long Swordsman
31:53 Gillnets
32:24 Hand Cart
33:53 Heavy Plow
34:18 Bow Saw
35:36 Caravan
35:52 Anarchy
36:36 Chain Mail Armor
46:58 Imperial Age
47:19 Iron Casting
47:15 Two-Handed Swordsman
49:20 Guilds
49:36 Champion
50:07 Elite Huskarl
50:49 Perfusion
53:20 Blast Furnace
C'è Linea
0:28 Loom
14:52 Feudal Age
16:48 Wheelbarrow
16:01 Double-Bit Axe
16:12 Horse Collar
19:21 Town Watch
22:11 Fishing Lines
29:56 Castle Age
28:23 Forging
28:20 Scale Mail Armor
29:31 Gold Mining
29:42 Fletching
29:48 Stone Mining
31:17 Caravan
32:08 Hand Cart
32:12 Fervor
32:37 Bow Saw
33:04 Town Patrol
33:43 Iron Casting
33:04 Bodkin Arrow
34:51 Chain Mail Armor
35:19 Heavy Plow
39:29 Imperial Age
37:51 Atlatl
39:07 Coinage
39:31 Gold Shaft Mining
39:38 Stone Shaft Mining
39:06 Gillnets
41:01 Conscription
41:26 Crop Rotation
41:05 Elite Jaguar Warrior
42:14 Sappers
43:36 Garland Wars
44:40 Siege Engineers
44:27 Heated Shot
44:18 Treadmill Crane
46:11 Blast Furnace
45:11 Bracer
45:43 Plate Mail Armor
45:53 Ballistics
46:41 Bracer
48:33 Fortified Wall
48:09 Arrowslits
52:00 Chemistry
57:13 Spies/Treason
Connection lost

Rejoining the realm…

Still unreachable

The connection could not be restored.

Session expired

The server has moved on; the page needs a fresh start.